[ AOE2 MATCH · #485459981 ]
UnrankedPersians vs Khitans
[ REPLAY ANALYSIS · EXTRACTED FROM THE RECORDED GAME ]
Feudal
10:45
Castle
16:51
Imperial
—
| APM avg | 34.3 |
| APM peak | 70 |
| eAPM avg | 9.4 |
| Villagers / military | 30 / 11 |
Focus
⚔️ 39.4% · 🌾 60.6%
Knight ×7 · Scout Cavalry ×4
Feudal
10:14
Castle
14:36
Imperial
—
| APM avg | 31.3 |
| APM peak | 62 |
| eAPM avg | 18.0 |
| Villagers / military | 47 / 14 |
Focus
⚔️ 25.0% · 🌾 75.0%
Mangonel ×5 · Fishing Ship ×5 · Mangudai ×4 · Demolition Raft ×2 · Knight ×1 · Spearman ×1
Feudal
8:33
Castle
22:20
Imperial
—
| APM avg | 40.1 |
| APM peak | 78 |
| eAPM avg | 16.6 |
| Villagers / military | 44 / 28 |
Focus
⚔️ 17.3% · 🌾 82.7%
Scout Cavalry ×15 · Steppe Lancer ×13
Feudal
12:31
Castle
19:25
Imperial
—
| APM avg | 14.4 |
| APM peak | 26 |
| eAPM avg | 10.4 |
| Villagers / military | 53 / 6 |
Focus
⚔️ 14.3% · 🌾 85.7%
Spearman ×6
Feudal
8:41
Castle
25:25
Imperial
—
| APM avg | 47.7 |
| APM peak | 87 |
| eAPM avg | 14.8 |
| Villagers / military | 52 / 42 |
Focus
⚔️ 28.5% · 🌾 71.5%
Archer ×42
Feudal
8:36
Castle
20:20
Imperial
—
| APM avg | 36.4 |
| APM peak | 93 |
| eAPM avg | 17.2 |
| Villagers / military | 75 / 9 |
Focus
⚔️ 36.6% · 🌾 63.4%
Unknown (1952) ×21 · Scout Cavalry ×8 · Spearman ×1
Match map
Initial resources + every placement click. Lines = walls · curves = elevation contours. ◆ gold · ⬟ stone · ● berries · ✦ relic · ◌ wall gap
Your base· Open — unwalled flank
Quando's base· Open — 5t gap
ShaggyJeff's base· Open — 1t gap
Relief's base· Open — 4t gap
Hornet-Wing's base· Open — 4t gap
The Chancellor's base· Open — 4t gap
Smoothed initial terrain · ◌ = detected wall gap · hover for details
Inputs per minute
— Fr4ggi - - Quando
Build order — Fr4ggi
75 actions detected in the replay
| 0:04 | Build | House |
| 0:11 | Build | House |
| 0:15 | Build | House |
| 0:15 | Queue | Villager (Male) |
| 0:16 | Queue | Villager (Male) |
| 1:03 | Queue | Villager (Male) |
| 1:32 | Build | Lumber Camp |
| 1:34 | Queue | Villager (Male) |
| 1:47 | Queue | Villager (Male) |
| 1:48 | Queue | Villager (Male) |
| 2:13 | Queue | Villager (Male) |
| 2:29 | Queue | Villager (Male) |
| 2:29 | Queue | Villager (Male) |
| 2:50 | Queue | Villager (Male) |
| 3:29 | Build | House |
| 3:56 | Build | Mill |
| 4:18 | Queue | Villager (Male) |
| 4:19 | Queue | Villager (Male) |
| 5:01 | Build | Lumber Camp |
| 5:12 | Queue | Villager (Male) |
| 6:39 | Research | Loom |
| 7:00 | Research | Feudal Age |
| 7:06 | Queue | Villager (Male) |
| 7:07 | Queue | Villager (Male) |
| 7:39 | Queue | Villager (Male) |
| 7:41 | Build | Mining Camp |
| 8:06 | Queue | Villager (Male) |
| 8:40 | Research | Feudal Age |
| 9:19 | Build | Barracks |
| 9:21 | Build | House |
| 10:45 | Age | Feudal Age |
| 10:52 | Queue | Villager (Male) |
| 10:52 | Queue | Villager (Male) |
| 11:16 | Build | Stable |
| 11:52 | Queue | Villager (Male) |
| 11:53 | Queue | Villager (Male) |
| 12:11 | Queue | Scout Cavalry |
| 12:11 | Queue | Scout Cavalry |
| 12:43 | Build | Blacksmith |
| 13:00 | Queue | Scout Cavalry |
| 13:55 | Queue | Scout Cavalry |
| 14:25 | Research | Castle Age |
| 15:48 | Build | Farm |
| 15:50 | Build | Farm |
| 15:51 | Build | Farm |
| 16:33 | Build | Farm |
| 16:35 | Build | Farm |
| 16:38 | Build | Farm |
| 16:40 | Build | Farm |
| 16:51 | Age | Castle Age |
| 18:07 | Queue | Knight |
| 18:55 | Build | Stable |
| 19:43 | Queue | Knight |
| 19:47 | Research | Forging |
| 19:52 | Build | Farm |
| 19:53 | Build | Farm |
| 19:55 | Queue | Villager (Male) |
| 19:56 | Queue | Villager (Male) |
| 21:19 | Queue | Villager (Male) |
| 21:19 | Queue | Villager (Male) |
| 21:19 | Queue | Villager (Male) |
| 21:24 | Queue | Knight |
| 22:24 | Queue | Knight |
| 22:27 | Research | Bloodlines |
| 23:08 | Build | Palisade Wall |
| 23:35 | Research | Husbandry |
| 23:36 | Queue | Knight |
| 23:39 | Queue | Villager (Male) |
| 24:06 | Build | Lumber Camp |
| 24:22 | Queue | Villager (Male) |
| 24:22 | Queue | Villager (Male) |
| 24:32 | Queue | Knight |
| 24:50 | Build | House |
| 25:12 | Queue | Knight |
| 25:19 | Queue | Villager (Male) |
Build order — Quando
132 actions detected in the replay
| 0:00 | Queue | Villager (Male) |
| 0:01 | Queue | Villager (Male) |
| 0:04 | Build | House |
| 0:06 | Build | House |
| 0:07 | Build | House |
| 0:09 | Research | Loom |
| 0:31 | Queue | Villager (Male) |
| 0:32 | Queue | Villager (Male) |
| 0:44 | Queue | Villager (Male) |
| 0:51 | Queue | Villager (Male) |
| 1:07 | Build | Lumber Camp |
| 1:25 | Queue | Villager (Male) |
| 2:09 | Queue | Villager (Male) |
| 2:32 | Queue | Villager (Male) |
| 2:37 | Build | House |
| 3:06 | Queue | Villager (Male) |
| 3:21 | Queue | Villager (Male) |
| 3:32 | Queue | Villager (Male) |
| 3:42 | Queue | Villager (Male) |
| 4:26 | Queue | Villager (Male) |
| 4:31 | Build | Dock |
| 5:00 | Queue | Villager (Male) |
| 5:17 | Queue | Fishing Ship |
| 5:29 | Queue | Villager (Male) |
| 5:42 | Build | House |
| 6:03 | Queue | Fishing Ship |
| 6:09 | Queue | Villager (Male) |
| 6:26 | Queue | Villager (Male) |
| 6:46 | Queue | Fishing Ship |
| 6:52 | Build | House |
| 7:01 | Queue | Villager (Male) |
| 7:37 | Queue | Villager (Male) |
| 7:39 | Build | Mining Camp |
| 7:42 | Research | Feudal Age |
| 8:34 | Build | Mill |
| 8:49 | Build | Palisade Wall |
| 8:50 | Build | Palisade Wall |
| 9:10 | Build | House |
| 9:21 | Queue | Villager (Male) |
| 9:21 | Queue | Villager (Male) |
| 9:25 | Build | Lumber Camp |
| 9:30 | Build | Palisade Wall |
| 9:34 | Build | House |
| 9:35 | Build | Palisade Wall |
| 9:45 | Build | Palisade Wall |
| 9:48 | Build | Palisade Wall |
| 9:49 | Build | Palisade Wall |
| 9:50 | Build | Palisade Wall |
| 10:00 | Build | Palisade Wall |
| 10:00 | Build | Palisade Wall |
| 10:01 | Build | Palisade Wall |
| 10:01 | Build | Palisade Wall |
| 10:02 | Build | Palisade Wall |
| 10:03 | Build | Palisade Wall |
| 10:03 | Build | Palisade Wall |
| 10:14 | Age | Feudal Age |
| 10:54 | Build | Market |
| 11:00 | Queue | Villager (Male) |
| 11:17 | Build | Blacksmith |
| 11:22 | Queue | Villager (Male) |
| 11:39 | Queue | Demolition Raft |
| 11:46 | Queue | Demolition Raft |
| 11:49 | Queue | Fishing Ship |
| 11:50 | Research | Tech 906 |
| 11:56 | Research | Castle Age |
| 12:12 | Build | Mining Camp |
| 12:17 | Build | House |
| 12:19 | Build | House |
| 12:38 | Research | Double-Bit Axe |
| 13:23 | Queue | Fishing Ship |
| 13:25 | Queue | Villager (Male) |
| 13:50 | Build | Barracks |
| 14:09 | Build | House |
| 14:13 | Queue | Villager (Male) |
| 14:15 | Build | House |
| 14:32 | Build | House |
| 14:36 | Age | Castle Age |
| 14:46 | Build | Stable |
| 14:49 | Research | Bow Saw |
| 14:50 | Queue | Villager (Male) |
| 15:00 | Build | Palisade Wall |
| 15:02 | Build | Palisade Wall |
| 15:30 | Queue | Knight |
| 15:35 | Build | Siege Workshop |
| 15:54 | Queue | Villager (Male) |
| 15:54 | Queue | Villager (Male) |
| 16:15 | Build | Palisade Wall |
| 16:16 | Build | Palisade Wall |
| 16:22 | Queue | Villager (Male) |
| 16:26 | Queue | Mangonel |
| 16:42 | Build | Palisade Wall |
| 17:01 | Build | Lumber Camp |
| 17:05 | Queue | Villager (Male) |
| 17:25 | Queue | Villager (Male) |
| 17:40 | Queue | Villager (Male) |
| 17:45 | Build | House |
| 18:21 | Build | House |
| 18:32 | Queue | Villager (Male) |
| 18:43 | Build | Mill |
| 18:45 | Queue | Villager (Male) |
| 19:00 | Queue | Mangonel |
| 19:10 | Build | Mining Camp |
| 19:32 | Queue | Villager (Male) |
| 19:52 | Queue | Villager (Male) |
| 20:00 | Build | Castle |
| 20:03 | Queue | Villager (Male) |
| 20:48 | Queue | Villager (Male) |
| 21:13 | Queue | Villager (Male) |
| 21:21 | Queue | Mangonel |
| 21:24 | Queue | Spearman |
| 21:31 | Queue | Camel Scout |
| 21:53 | Queue | Villager (Male) |
| 22:22 | Queue | Villager (Male) |
| 22:24 | Queue | Mangonel |
| 22:38 | Build | House |
| 22:39 | Build | House |
| 22:52 | Queue | Mangonel |
| 22:57 | Queue | Villager (Male) |
| 23:24 | Queue | Villager (Male) |
| 23:24 | Queue | Villager (Male) |
| 23:31 | Build | House |
| 23:52 | Build | House |
| 23:56 | Queue | Mangudai |
| 23:56 | Queue | Mangudai |
| 23:57 | Build | Mining Camp |
| 24:22 | Queue | Villager (Male) |
| 24:23 | Queue | Mangudai |
| 24:30 | Build | Outpost |
| 24:31 | Build | Outpost |
| 24:44 | Queue | Villager (Male) |
| 24:57 | Build | House |
| 25:16 | Queue | Mangudai |
Build order — ShaggyJeff
124 actions detected in the replay
| 0:03 | Build | House |
| 0:12 | Queue | Villager (Male) |
| 0:13 | Queue | Villager (Male) |
| 0:13 | Queue | Villager (Male) |
| 0:13 | Queue | Villager (Male) |
| 0:56 | Build | House |
| 1:00 | Queue | Villager (Male) |
| 1:00 | Queue | Villager (Male) |
| 1:45 | Build | Lumber Camp |
| 1:50 | Queue | Villager (Male) |
| 1:50 | Queue | Villager (Male) |
| 1:57 | Queue | Villager (Male) |
| 2:24 | Queue | Villager (Male) |
| 2:52 | Queue | Villager (Male) |
| 3:07 | Build | House |
| 3:38 | Queue | Villager (Male) |
| 3:39 | Queue | Villager (Male) |
| 3:39 | Queue | Villager (Male) |
| 4:01 | Build | Mill |
| 4:27 | Build | House |
| 5:23 | Queue | Villager (Male) |
| 5:43 | Research | Loom |
| 6:11 | Research | Feudal Age |
| 6:11 | Research | Feudal Age |
| 7:51 | Queue | Villager (Male) |
| 7:51 | Queue | Villager (Male) |
| 8:03 | Build | Barracks |
| 8:33 | Age | Feudal Age |
| 8:34 | Build | House |
| 8:36 | Build | Palisade Wall |
| 8:39 | Research | Double-Bit Axe |
| 8:44 | Build | Stable |
| 9:05 | Queue | Villager (Male) |
| 9:30 | Queue | Scout Cavalry |
| 9:30 | Queue | Scout Cavalry |
| 9:33 | Build | Blacksmith |
| 9:38 | Queue | Villager (Male) |
| 10:05 | Queue | Scout Cavalry |
| 10:09 | Research | Forging |
| 10:09 | Research | Forging |
| 10:39 | Queue | Villager (Male) |
| 10:46 | Build | Pasture |
| 10:47 | Build | Pasture |
| 11:05 | Queue | Scout Cavalry |
| 11:15 | Queue | Villager (Male) |
| 11:17 | Build | Pasture |
| 11:19 | Build | House |
| 11:20 | Build | House |
| 11:43 | Queue | Villager (Male) |
| 11:49 | Queue | Scout Cavalry |
| 11:49 | Queue | Scout Cavalry |
| 11:54 | Build | Pasture |
| 12:22 | Queue | Scout Cavalry |
| 12:24 | Queue | Villager (Male) |
| 12:26 | Build | Pasture |
| 12:46 | Queue | Villager (Male) |
| 13:06 | Queue | Villager (Male) |
| 13:08 | Queue | Scout Cavalry |
| 13:24 | Queue | Scout Cavalry |
| 13:34 | Build | Mill |
| 13:39 | Build | Pasture |
| 13:49 | Queue | Scout Cavalry |
| 14:01 | Queue | Villager (Male) |
| 14:02 | Queue | Villager (Male) |
| 14:02 | Queue | Villager (Male) |
| 14:37 | Queue | Villager (Male) |
| 14:42 | Build | Pasture |
| 14:47 | Queue | Villager (Male) |
| 14:49 | Queue | Scout Cavalry |
| 15:16 | Queue | Scout Cavalry ×2 |
| 15:33 | Queue | Villager (Male) |
| 15:35 | Build | Pasture |
| 15:49 | Build | House |
| 16:13 | Research | Scale Barding Armor |
| 16:13 | Research | Scale Barding Armor |
| 16:15 | Queue | Villager (Male) |
| 16:16 | Queue | Villager (Male) |
| 16:20 | Build | Pasture |
| 16:35 | Queue | Villager (Male) |
| 16:38 | Research | Wheelbarrow |
| 16:38 | Research | Wheelbarrow |
| 16:57 | Queue | Villager (Male) |
| 17:01 | Build | Mining Camp |
| 17:44 | Queue | Scout Cavalry |
| 17:44 | Queue | Scout Cavalry |
| 17:46 | Queue | Villager (Male) |
| 17:58 | Build | Pasture |
| 18:39 | Build | Lumber Camp |
| 19:40 | Research | Castle Age |
| 19:40 | Research | Castle Age |
| 19:41 | Queue | Villager (Male) |
| 20:04 | Queue | Villager (Male) |
| 20:53 | Queue | Villager (Male) |
| 20:58 | Research | Tech 1014 |
| 20:58 | Research | Tech 1014 |
| 21:07 | Build | Stable |
| 21:43 | Build | House |
| 21:45 | Build | House |
| 22:20 | Age | Castle Age |
| 22:25 | Queue | Steppe Lancer ×5 |
| 22:31 | Research | Iron Casting |
| 22:31 | Research | Iron Casting |
| 22:38 | Build | Lumber Camp |
| 22:39 | Queue | Villager (Male) |
| 22:58 | Research | Husbandry |
| 23:08 | Research | Bow Saw |
| 23:08 | Research | Bow Saw |
| 23:12 | Queue | Steppe Lancer |
| 23:49 | Queue | Steppe Lancer |
| 23:49 | Queue | Steppe Lancer |
| 23:51 | Research | Chain Barding Armor |
| 23:51 | Research | Chain Barding Armor |
| 23:58 | Build | Pasture |
| 23:58 | Build | Pasture |
| 24:05 | Queue | Steppe Lancer |
| 24:09 | Queue | Villager (Male) |
| 24:09 | Queue | Villager (Male) |
| 24:09 | Queue | Villager (Male) |
| 24:10 | Queue | Villager (Male) |
| 24:26 | Queue | Steppe Lancer ×3 |
| 24:55 | Queue | Steppe Lancer |
| 25:00 | Build | House |
| 25:01 | Build | House |
| 25:02 | Build | House |
Build order — Relief
103 actions detected in the replay
| 0:00 | Queue | Villager (Male) |
| 0:01 | Queue | Villager (Male) |
| 0:04 | Build | House |
| 0:06 | Build | House |
| 0:23 | Queue | Villager (Male) |
| 0:23 | Queue | Villager (Male) |
| 0:32 | Build | House |
| 1:28 | Queue | Villager (Male) |
| 1:52 | Build | Lumber Camp |
| 2:13 | Queue | Villager (Male) |
| 2:29 | Queue | Villager (Male) |
| 2:39 | Queue | Villager (Male) |
| 3:03 | Build | House |
| 3:11 | Build | House |
| 3:44 | Queue | Villager (Male) |
| 3:56 | Build | Mill |
| 4:18 | Queue | Villager (Male) |
| 4:46 | Queue | Villager (Male) |
| 5:13 | Build | Palisade Wall |
| 5:14 | Build | Palisade Wall |
| 5:21 | Queue | Villager (Male) |
| 5:21 | Queue | Villager (Male) |
| 5:56 | Queue | Villager (Male) |
| 6:04 | Build | House |
| 6:30 | Queue | Villager (Male) |
| 6:53 | Build | Palisade Wall |
| 6:59 | Queue | Villager (Male) |
| 7:14 | Build | Lumber Camp |
| 7:24 | Queue | Villager (Male) |
| 7:45 | Queue | Villager (Male) |
| 7:45 | Queue | Villager (Male) |
| 8:01 | Build | Farm |
| 8:04 | Build | Farm |
| 8:13 | Build | Mill |
| 8:28 | Queue | Villager (Male) |
| 8:29 | Queue | Villager (Male) |
| 9:17 | Queue | Villager (Male) |
| 9:20 | Build | Mining Camp |
| 9:23 | Research | Loom |
| 9:24 | Research | Feudal Age |
| 10:11 | Queue | Villager (Male) |
| 11:04 | Queue | Villager (Male) |
| 11:04 | Queue | Villager (Male) |
| 11:17 | Build | Barracks |
| 12:18 | Queue | Villager (Male) |
| 12:18 | Queue | Villager (Male) |
| 12:31 | Age | Feudal Age |
| 12:37 | Build | Stable |
| 12:51 | Queue | Villager (Male) |
| 12:51 | Queue | Villager (Male) |
| 13:25 | Queue | Villager (Male) |
| 13:25 | Queue | Villager (Male) |
| 13:47 | Queue | Spearman |
| 13:55 | Build | Blacksmith |
| 14:11 | Build | Palisade Wall |
| 14:16 | Build | Palisade Wall |
| 14:18 | Queue | Villager (Male) |
| 15:13 | Queue | Spearman |
| 15:51 | Queue | Villager (Male) |
| 16:32 | Build | Farm |
| 16:33 | Build | Farm |
| 16:38 | Build | Farm |
| 16:45 | Research | Castle Age |
| 17:04 | Queue | Spearman |
| 17:04 | Queue | Spearman |
| 17:33 | Queue | Spearman |
| 17:46 | Queue | Villager (Male) |
| 17:55 | Build | Farm |
| 18:01 | Build | Farm |
| 18:06 | Research | Double-Bit Axe |
| 18:31 | Build | Farm |
| 18:46 | Queue | Spearman |
| 19:06 | Build | House |
| 19:25 | Age | Castle Age |
| 20:05 | Queue | Villager (Male) |
| 20:05 | Queue | Villager (Male) |
| 20:42 | Build | Town Center |
| 20:49 | Queue | Villager (Male) |
| 20:49 | Queue | Villager (Male) |
| 21:03 | Build | Town Center |
| 21:10 | Queue | Villager (Male) |
| 22:00 | Queue | Villager (Male) |
| 22:24 | Queue | Villager (Male) |
| 22:24 | Queue | Villager (Male) |
| 22:51 | Queue | Villager (Male) |
| 22:52 | Queue | Villager (Male) |
| 22:56 | Build | Farm |
| 23:02 | Queue | Villager (Male) |
| 23:03 | Queue | Villager (Male) |
| 23:18 | Queue | Villager (Male) |
| 23:18 | Queue | Villager (Male) |
| 23:24 | Build | Farm |
| 23:35 | Queue | Villager (Male) |
| 23:55 | Build | Farm |
| 23:56 | Queue | Villager (Male) |
| 23:57 | Queue | Villager (Male) |
| 24:00 | Build | Farm |
| 24:16 | Queue | Villager (Male) |
| 24:25 | Build | Farm |
| 25:13 | Queue | Villager (Male) |
| 25:15 | Research | Fletching |
| 25:31 | Build | Farm |
| 25:33 | Research | Pikeman (upgrade) |
Build order — Hornet-Wing
First 150 of 161 actions detected
| 0:02 | Queue | Villager (Male) |
| 0:02 | Queue | Villager (Male) |
| 0:02 | Queue | Villager (Male) |
| 0:06 | Build | House |
| 0:09 | Research | Loom |
| 0:20 | Queue | Villager (Male) ×4 |
| 1:06 | Build | House |
| 1:11 | Build | Lumber Camp |
| 1:22 | Queue | Villager (Male) |
| 1:50 | Queue | Villager (Male) |
| 2:19 | Queue | Villager (Male) |
| 2:19 | Queue | Villager (Male) |
| 2:28 | Build | House |
| 3:04 | Build | House |
| 3:15 | Queue | Villager (Male) |
| 3:15 | Queue | Villager (Male) |
| 3:15 | Queue | Villager (Male) |
| 3:39 | Queue | Villager (Male) |
| 3:39 | Queue | Villager (Male) |
| 4:26 | Queue | Villager (Male) |
| 4:33 | Build | Mill |
| 5:03 | Queue | Villager (Male) |
| 5:18 | Queue | Villager (Male) |
| 5:51 | Queue | Villager (Male) |
| 6:31 | Research | Feudal Age |
| 7:13 | Build | Barracks |
| 7:29 | Build | Palisade Wall |
| 7:30 | Build | Palisade Wall |
| 7:31 | Build | Palisade Wall |
| 8:41 | Age | Feudal Age |
| 8:45 | Build | Archery Range |
| 8:48 | Queue | Villager (Male) |
| 8:51 | Build | Mining Camp |
| 9:15 | Queue | Villager (Male) |
| 9:22 | Queue | Villager (Male) |
| 9:24 | Queue | Archer |
| 9:38 | Queue | Villager (Male) |
| 9:42 | Build | Palisade Wall |
| 9:49 | Queue | Villager (Male) |
| 10:05 | Queue | Archer |
| 10:08 | Build | House |
| 10:22 | Research | Double-Bit Axe |
| 10:32 | Build | Palisade Wall |
| 10:33 | Build | Palisade Wall |
| 10:39 | Queue | Villager (Male) |
| 10:42 | Queue | Archer |
| 10:47 | Queue | Villager (Male) |
| 11:07 | Queue | Archer |
| 11:09 | Queue | Villager (Male) |
| 11:16 | Build | House |
| 11:27 | Queue | Archer |
| 11:52 | Build | Archery Range |
| 11:57 | Queue | Archer |
| 11:58 | Queue | Villager (Male) |
| 12:41 | Queue | Villager (Male) |
| 12:43 | Build | Blacksmith |
| 12:51 | Queue | Villager (Male) |
| 12:56 | Build | House |
| 13:01 | Queue | Archer |
| 13:14 | Queue | Archer |
| 13:14 | Queue | Archer |
| 13:29 | Build | House |
| 13:30 | Build | House |
| 13:31 | Research | Fletching |
| 13:49 | Queue | Archer |
| 13:51 | Queue | Villager (Male) |
| 14:00 | Queue | Archer |
| 14:05 | Build | Mill |
| 14:09 | Queue | Villager (Male) |
| 14:29 | Queue | Archer |
| 14:29 | Queue | Archer |
| 14:30 | Queue | Villager (Male) |
| 14:33 | Build | House |
| 14:34 | Build | House |
| 14:52 | Queue | Villager (Male) |
| 15:02 | Queue | Archer |
| 15:03 | Queue | Villager (Male) |
| 15:12 | Queue | Villager (Male) |
| 15:42 | Queue | Archer |
| 15:43 | Queue | Villager (Male) |
| 15:44 | Queue | Villager (Male) |
| 16:04 | Research | Padded Archer Armor |
| 16:05 | Queue | Archer |
| 16:15 | Queue | Villager (Male) |
| 16:19 | Build | Farm |
| 16:20 | Build | Farm |
| 16:20 | Build | Farm |
| 16:20 | Build | Farm |
| 16:20 | Build | Farm |
| 16:20 | Build | Farm |
| 16:21 | Build | Farm |
| 16:22 | Queue | Villager (Male) |
| 16:37 | Build | House |
| 16:38 | Build | House |
| 16:39 | Build | House |
| 16:42 | Queue | Archer |
| 16:43 | Queue | Archer |
| 16:55 | Queue | Archer |
| 17:03 | Queue | Archer |
| 17:05 | Queue | Villager (Male) |
| 17:27 | Queue | Archer |
| 17:27 | Queue | Archer |
| 17:29 | Queue | Archer |
| 17:45 | Build | House |
| 17:49 | Queue | Archer |
| 18:04 | Queue | Archer |
| 18:09 | Queue | Archer |
| 18:16 | Queue | Archer |
| 18:16 | Queue | Villager (Male) |
| 18:32 | Queue | Archer |
| 18:32 | Queue | Villager (Male) |
| 18:44 | Queue | Villager (Male) |
| 18:46 | Build | Farm |
| 18:46 | Build | Farm |
| 18:46 | Build | Farm |
| 18:47 | Build | Farm |
| 18:47 | Build | Farm |
| 18:47 | Build | Farm |
| 18:56 | Queue | Villager (Male) |
| 19:11 | Queue | Archer |
| 19:16 | Queue | Villager (Male) |
| 19:24 | Build | Lumber Camp |
| 19:31 | Queue | Archer |
| 19:42 | Queue | Archer |
| 20:53 | Queue | Villager (Male) |
| 21:00 | Queue | Villager (Male) |
| 21:02 | Build | Farm |
| 21:02 | Build | Farm |
| 21:03 | Build | Farm |
| 21:03 | Build | Farm |
| 21:03 | Build | Farm |
| 21:06 | Research | Horse Collar |
| 21:28 | Queue | Villager (Male) |
| 22:38 | Build | Farm |
| 22:39 | Build | Farm |
| 22:40 | Build | Farm |
| 22:41 | Build | Farm |
| 22:45 | Research | Castle Age |
| 22:51 | Build | House |
| 22:52 | Build | House |
| 22:53 | Build | House |
| 24:01 | Queue | Archer ×5 |
| 24:08 | Build | Archery Range |
| 24:10 | Build | House |
| 24:36 | Queue | Archer |
| 24:36 | Queue | Archer |
| 24:47 | Build | Lumber Camp |
| 24:49 | Queue | Villager (Male) |
| 24:49 | Queue | Villager (Male) |
| 24:58 | Build | Lumber Camp |
Build order — The Chancellor
First 150 of 197 actions detected
| 0:00 | Queue | Villager (Male) |
| 0:01 | Queue | Villager (Male) |
| 0:01 | Queue | Villager (Male) |
| 0:04 | Research | Loom |
| 0:07 | Research | Loom |
| 0:09 | Build | House |
| 0:13 | Queue | Villager (Male) |
| 0:13 | Queue | Villager (Male) |
| 0:14 | Build | House |
| 0:25 | Queue | Villager (Male) |
| 0:25 | Queue | Villager (Male) |
| 1:22 | Queue | Villager (Male) |
| 1:58 | Build | Lumber Camp |
| 2:11 | Queue | Villager (Male) |
| 2:17 | Build | House |
| 2:25 | Queue | Villager (Male) |
| 2:27 | Queue | Villager (Male) |
| 2:42 | Queue | Villager (Male) |
| 3:37 | Queue | Villager (Male) |
| 3:44 | Queue | Villager (Male) |
| 3:51 | Queue | Villager (Male) |
| 3:58 | Queue | Villager (Male) |
| 4:03 | Build | House |
| 4:19 | Queue | Villager (Male) |
| 4:58 | Queue | Villager (Male) |
| 5:08 | Queue | Villager (Male) |
| 5:18 | Queue | Villager (Male) |
| 5:31 | Queue | Villager (Male) |
| 5:37 | Build | Mill |
| 6:26 | Research | Feudal Age |
| 7:21 | Build | Lumber Camp |
| 8:14 | Build | Barracks |
| 8:17 | Build | Palisade Wall |
| 8:36 | Queue | Villager (Male) |
| 8:36 | Age | Feudal Age |
| 8:37 | Research | Double-Bit Axe |
| 8:39 | Research | Horse Collar |
| 8:48 | Build | House |
| 9:00 | Queue | Villager (Male) |
| 9:09 | Build | House |
| 9:21 | Queue | Villager (Male) |
| 9:34 | Build | Stable |
| 10:07 | Queue | Villager (Male) |
| 10:16 | Queue | Villager (Male) |
| 10:18 | Build | House |
| 10:22 | Queue | Scout Cavalry |
| 10:24 | Build | Farm |
| 10:27 | Build | Farm |
| 10:31 | Queue | Villager (Male) |
| 10:32 | Queue | Villager (Male) |
| 10:36 | Build | Farm |
| 10:47 | Build | Mill |
| 10:55 | Build | Palisade Wall |
| 10:57 | Build | Palisade Wall |
| 11:00 | Queue | Scout Cavalry |
| 11:21 | Queue | Scout Cavalry |
| 11:24 | Queue | Villager (Male) |
| 11:42 | Queue | Villager (Male) |
| 11:48 | Build | Farm |
| 11:49 | Queue | Villager (Male) |
| 12:02 | Build | Farm |
| 12:05 | Build | Farm |
| 12:09 | Build | Farm |
| 12:12 | Queue | Villager (Male) |
| 12:22 | Queue | Scout Cavalry |
| 12:22 | Queue | Scout Cavalry |
| 12:28 | Queue | Villager (Male) |
| 12:30 | Queue | Scout Cavalry |
| 12:36 | Build | House |
| 12:37 | Build | Palisade Wall |
| 12:40 | Queue | Scout Cavalry |
| 12:51 | Queue | Villager (Male) |
| 12:55 | Build | Blacksmith |
| 13:22 | Queue | Scout Cavalry |
| 13:24 | Queue | Villager (Male) |
| 13:26 | Build | House |
| 13:28 | Build | Palisade Wall |
| 13:32 | Queue | Villager (Male) |
| 13:51 | Research | Wheelbarrow |
| 13:52 | Queue | Villager (Male) |
| 13:57 | Build | Mining Camp |
| 14:06 | Build | Palisade Wall |
| 14:12 | Queue | Villager (Male) |
| 14:22 | Build | Farm |
| 14:40 | Queue | Villager (Male) |
| 15:05 | Research | Scale Barding Armor |
| 15:05 | Research | Forging |
| 15:15 | Queue | Villager (Male) |
| 15:19 | Queue | Spearman |
| 15:22 | Queue | Villager (Male) |
| 15:43 | Queue | Villager (Male) |
| 15:47 | Build | Farm |
| 16:05 | Build | Palisade Wall |
| 16:08 | Build | House |
| 16:10 | Build | Palisade Wall |
| 16:13 | Build | Farm |
| 16:28 | Research | Bloodlines |
| 16:33 | Queue | Villager (Male) |
| 16:59 | Queue | Villager (Male) |
| 17:09 | Build | Market |
| 17:16 | Build | Palisade Wall |
| 17:22 | Build | Mining Camp |
| 17:30 | Build | Lumber Camp |
| 17:40 | Research | Castle Age |
| 18:20 | Research | Gold Mining |
| 18:32 | Build | Archery Range |
| 18:40 | Queue | Villager (Male) |
| 19:05 | Research | Stone Mining |
| 19:15 | Research | Fletching |
| 19:18 | Queue | Villager (Male) |
| 19:35 | Build | Archery Range |
| 19:44 | Build | Farm |
| 19:46 | Build | Farm |
| 20:02 | Queue | Villager (Male) |
| 20:20 | Age | Castle Age |
| 20:22 | Research | Light Cavalry (upgrade) |
| 20:24 | Queue | Villager (Male) |
| 20:27 | Research | Husbandry |
| 20:31 | Queue | Unit 1952 |
| 20:31 | Queue | Unit 1952 |
| 20:34 | Build | Archery Range |
| 20:45 | Queue | Villager (Male) |
| 20:51 | Build | Town Center |
| 20:58 | Queue | Villager (Male) |
| 21:05 | Build | Farm |
| 21:05 | Queue | Villager (Male) |
| 21:07 | Build | Farm |
| 21:39 | Queue | Unit 1952 |
| 21:39 | Queue | Unit 1952 |
| 21:39 | Queue | Unit 1952 |
| 21:40 | Queue | Villager (Male) |
| 21:41 | Queue | Villager (Male) |
| 21:41 | Queue | Villager (Male) |
| 21:52 | Build | Mining Camp |
| 21:56 | Research | Town Watch |
| 21:59 | Queue | Villager (Male) |
| 22:00 | Queue | Villager (Male) |
| 22:07 | Queue | Unit 1952 |
| 22:07 | Queue | Unit 1952 |
| 22:08 | Queue | Unit 1952 |
| 22:24 | Queue | Villager (Male) |
| 22:28 | Build | House |
| 22:29 | Build | House |
| 22:32 | Queue | Unit 1952 |
| 22:34 | Queue | Villager (Male) |
| 22:35 | Build | House |
| 22:36 | Build | House |
| 22:37 | Queue | Villager (Male) |
| 22:52 | Queue | Unit 1952 |
| 23:00 | Build | Palisade Gate |
Match timeline
| 4:31 | Quando · first_building Dock |
| 5:13 | Relief · wall_segment Palisade Wall x1 |
| 5:14 | Relief · wall_segment Palisade Wall x1 |
| 6:53 | Relief · wall_segment Palisade Wall x8 |
| 7:13 | Hornet-Wing · first_building Barracks |
| 7:29 | Hornet-Wing · wall_segment Palisade Wall x1 |
| 7:30 | Hornet-Wing · wall_segment Palisade Wall x1 |
| 7:31 | Hornet-Wing · wall_segment Palisade Wall x1 |
| 8:03 | ShaggyJeff · first_building Barracks |
| 8:14 | The Chancellor · first_building Barracks |
| 8:17 | The Chancellor · wall_segment Palisade Wall x3 |
| 8:33 | ShaggyJeff · age_up feudal |
| 8:36 | ShaggyJeff · wall_segment Palisade Wall x1 |
| 8:36 | The Chancellor · age_up feudal |
| 8:41 | Hornet-Wing · age_up feudal |
| 8:44 | ShaggyJeff · first_building Stable |
| 8:45 | Hornet-Wing · first_building Archery Range |
| 8:49 | Quando · wall_segment Palisade Wall x1 |
| 8:50 | Quando · wall_segment Palisade Wall x1 |
| 9:19 | Fr4ggi · first_building Barracks |
| 9:30 | Quando · wall_segment Palisade Wall x1 |
| 9:34 | The Chancellor · first_building Stable |
| 9:35 | Quando · wall_segment Palisade Wall x1 |
| 9:42 | Hornet-Wing · wall_segment Palisade Wall x5 |
| 9:45 | Quando · wall_segment Palisade Wall x1 |
| 9:48 | Quando · wall_segment Palisade Wall x1 |
| 9:49 | Quando · wall_segment Palisade Wall x1 |
| 9:50 | Quando · wall_segment Palisade Wall x1 |
| 10:00 | Quando · wall_segment Palisade Wall x1 |
| 10:00 | Quando · wall_segment Palisade Wall x1 |
| 10:01 | Quando · wall_segment Palisade Wall x1 |
| 10:01 | Quando · wall_segment Palisade Wall x1 |
| 10:02 | Quando · wall_segment Palisade Wall x1 |
| 10:03 | Quando · wall_segment Palisade Wall x1 |
| 10:03 | Quando · wall_segment Palisade Wall x1 |
| 10:14 | Quando · age_up feudal |
| 10:32 | Hornet-Wing · wall_segment Palisade Wall x4 |
| 10:33 | Hornet-Wing · wall_segment Palisade Wall x4 |
| 10:45 | Fr4ggi · age_up feudal |
| 10:55 | The Chancellor · wall_segment Palisade Wall x3 |
| 10:57 | The Chancellor · wall_segment Palisade Wall x10 |
| 11:16 | Fr4ggi · first_building Stable |
| 11:17 | Relief · first_building Barracks |
| 12:31 | Relief · age_up feudal |
| 12:37 | Relief · first_building Stable |
| 12:37 | The Chancellor · wall_segment Palisade Wall x3 |
| 13:28 | The Chancellor · wall_segment Palisade Wall x3 |
| 13:50 | Quando · first_building Barracks |
| 14:06 | The Chancellor · wall_segment Palisade Wall x17 |
| 14:11 | Relief · wall_segment Palisade Wall x6 |
| 14:16 | Relief · wall_segment Palisade Wall x4 |
| 14:36 | Quando · age_up castle |
| 14:46 | Quando · first_building Stable |
| 15:00 | Quando · wall_segment Palisade Wall x1 |
| 15:02 | Quando · wall_segment Palisade Wall x1 |
| 15:35 | Quando · first_building Siege Workshop |
| 16:05 | The Chancellor · wall_segment Palisade Wall x6 |
| 16:10 | The Chancellor · wall_segment Palisade Wall x3 |
| 16:15 | Quando · wall_segment Palisade Wall x1 |
| 16:16 | Quando · wall_segment Palisade Wall x1 |
| 16:42 | Quando · wall_segment Palisade Wall x1 |
| 16:51 | Fr4ggi · age_up castle |
| 17:16 | The Chancellor · wall_segment Palisade Wall x16 |
| 17:34 | The Chancellor · first_market_sell 100 stone |
| 17:35 | The Chancellor · first_market_buy 100 food |
| 18:32 | The Chancellor · first_building Archery Range |
| 19:25 | Relief · age_up castle |
| 19:31 | Quando · first_market_buy 100 food |
| 20:00 | Quando · first_building Castle |
| 20:20 | The Chancellor · age_up castle |
| 22:20 | ShaggyJeff · age_up castle |
| 23:08 | Fr4ggi · wall_segment Palisade Wall x4 |
| 25:25 | Hornet-Wing · age_up castle |
| 25:47 | Quando · resign |
[ AI ANALYSIS · 1 CREDIT ]
What really happened in this match?
Wolo.gg analyzes every decision: build order, eco, micro, common mistakes by bracket. Personalized analysis on WhatsApp or Discord in 30 seconds.
Civ guide
Persians
Perfil
Jugador #6051949